 Dungeon Crawl Stone Soup version 0.26.0-10-g1f06aea511 (webtiles) character file.

Game seed: 16650870733580697737

1405 inc the Summoner (level 8, -1/34 HPs)
             Began as a Felid Chaos Knight on Jan 30, 2021.
             Was a Plaything of Xom.
             Slain by an orc warrior
             ... wielding a +0 short sword
              (18 damage)
             ... on level 9 of the Dungeon.
             The game lasted 00:22:58 (10370 turns).

inc the Summoner (Felid Chaos Knight)              Turns: 10370, Time: 00:22:59

Health: -1/34      AC:  4    Str:  8      XL:     8   Next: 42%
Magic:  5/9        EV: 26    Int: 11 (13) God:    Xom [.....*]
Gold:   542        SH:  0    Dex: 19      Spells: 2/7 levels left
                                        Lives:  0   Deaths: 2

rFire    . . .     SeeInvis +     - Unarmed
rCold    + . .     Faith    .   (shield unavailable)
rNeg     . . .     Spirit   .   (armour unavailable)
rPois    +         Reflect  .   (helmet unavailable)
rElec    .         Harm     .   (cloak unavailable)
rCorr    .         Rampage  .   (gloves unavailable)
Will     +....     Clarity  +   (boots unavailable)
Stlth    ++........             (no amulet)
HPRegen  0.11/turn              w - +4 ring of evasion
MPRegen  0.11/turn              (no ring)

@: quick
A: very small, no armour, no weapons or thrown items, stealth, claws 1, fangs 3,
horns 2, thin metallic scales 1, see invisible, clarity, cold resistance 1,
deterioration 1, speed 1, poison resistance, screaming 1, shaggy fur 2, sharp
paws
a: Renounce Religion


You were on level 9 of the Dungeon.
You worshipped Xom.
You were Xom's teddy bear.
You visited 1 branch of the dungeon, and saw 9 of its levels.
You also visited: Sewer.

You collected 542 gold pieces.

Inventory:

Jewellery
 c - an uncursed amulet of faith
 w - a +4 ring of evasion (left paw)
 B - an uncursed ring of protection from cold {unknown}
Wands
 j - a wand of enslavement (19)
 x - a wand of digging (4)
 y - a wand of paralysis (8)
 C - a wand of iceblast (9)
 D - a wand of random effects (13)
Scrolls
 a - 7 scrolls of identify
 b - 2 scrolls of magic mapping
 f - 2 scrolls of teleportation {unknown}
 g - 4 scrolls of enchant armour
 k - 4 scrolls of noise {unknown}
 l - 2 scrolls of remove curse
 q - 2 scrolls of fear {unknown}
 r - 2 scrolls of random uselessness {unknown}
 s - 2 scrolls of acquirement {unknown}
 t - 3 scrolls of immolation {unknown}
 u - 4 scrolls of blinking {unknown}
 A - a scroll of holy word {unknown}
 E - a scroll of amnesia {unknown}
Potions
 d - 4 potions of brilliance
 e - 2 potions of invisibility
 h - 2 potions of cancellation
 i - a potion of haste
 m - a potion of berserk rage
 n - a potion of might {unknown}
 o - 3 potions of flight
 p - 5 potions of curing
 v - a potion of resistance {unknown}
 z - a potion of attraction {unknown}


   Skills:
 - Level 3.0 Fighting
 - Level 6.3 Dodging
 - Level 5.0 Unarmed Combat
 - Level 10.4 Summonings
 + Level 4.2 Evocations


You had 2 spell levels left.
You knew the following spells:

 Your Spells              Type           Power        Failure   Level
a - Call Imp              Summ           22%          1%          2
b - Call Canine Familiar  Summ           22%          1%          3

Your spell library contained the following spells:

 Spells                   Type           Power        Failure   Level
 Summon Small Mammal      Summ           88%          1%          1
 Animate Skeleton         Necr           0%           34%         1
 Pain                     Necr           0%           34%         1
 Summon Guardian Golem    Hex/Summ       11%          13%         3
 Summon Ice Beast         Ice/Summ       11%          38%         4
 Summon Lightning Spire   Summ/Air       11%          38%         4
 Vampiric Draining        Necr           0%           71%         3
 Animate Dead             Necr           0%           98%         4
 Agony                    Necr           0%           100%        5


Dungeon Overview and Level Annotations

Branches:
Dungeon (9/15)             Temple (0/1) D:4           Sewer (visited)
   Lair: D:8-11         Orc: D:9-12

Altars:
Dithmenos
Fedhas
Sif Muna
Uskayaw
Vehumet
Xom
Yredelemnul
The Shining One

Shops:
D:5 [

Annotations:
D:5 3 runed translucent doors, Amaterasu's ghost, novice OgFi; StoneSoupSpirit's ghost, amateur DsCK; inc's ghost, amateur FeEn


Innate Abilities, Weirdness & Mutations

You cannot wear armour.
You are incapable of wielding weapons or throwing items.
Your paws allow you to move quietly. (Stealth)
You have sharp claws.
You have razor-sharp teeth.
You have supernaturally acute eyesight. (SInv)
You cover ground quickly.
You are covered in thick fur. (AC +2)
Your sharp claws are effective at attacking unaware monsters.
You have a pair of horns on your head.
You are partially covered in thin metallic scales. (AC +2)
You possess an exceptional clarity of mind.
Your flesh is cold resistant. (rC+)
Your body sometimes deteriorates upon taking damage.
Your system is resistant to poisons. (rPois)
You occasionally shout uncontrollably at your foes.


Message History

The kobold shouts!
You hear a shout!
Casting: Call Canine Familiar (safe; 1% risk of failure)
Confirm with . or Enter, or press ? or * to list all spells.
A beastly little devil appears in a puff of flame.
Your hound closely misses the orc warrior.
The orc warrior hits you with a +0 short sword!
Ouch! That really hurt!
A kobold comes into view.
It is wielding a +0 dagger and quivering 5 curare-tipped darts.
Casting: Call Imp (safe; 1% risk of failure)
Confirm with . or Enter, or press ? or * to list all spells.
A beastly little devil appears in a puff of frigid air.
The kobold shouts!
Your hound closely misses the orc warrior.
A goblin comes into view. It is wielding a +0 hand axe.
The kobold throws a stone.
The stone completely misses you.
Your hound closely misses the orc warrior.
The orc warrior hits you with a +0 short sword!!
Ouch! That really hurt!
You die...
Xom chortles!

#####.................
#.....................
#.....................
#..............≈≈≈≈
#..............≈
#.......5......
#......5.......
#....(h...(...
#....@o.......
#.....5.......
####.......o..
#.K........
#........g.
#.......... #.K..?....
#..K......


You could see an orc warrior, a big kobold, an orc wizard, a white imp, a
goblin, 2 kobolds, a friendly hound (summoned), a friendly crimson imp
(summoned) and a friendly white imp (summoned).

Vanquished Creatures
  Sigmund (D:6)
  A black bear (D:8)
  A sky beast (D:7)
  An orc warrior (D:7)
  A centaur (D:6)
  3 bullfrogs
  3 scorpions
  4 howler monkeys
  3 orc priests
  3 hounds
  A jelly (D:7)
  A centaur skeleton (D:7)
  2 iguanas
  6 orc wizards
  12 worker ants
  A hound zombie (D:7)
  A hound skeleton (D:7)
  A howler monkey skeleton (D:5)
  9 adders
  4 gnolls
  3 river rats
  3 shadow imps
  3 white imps
  3 ufetubi
  A dart slug (D:1)
  A worm (D:6)
  5 leopard geckos
  29 orcs
  10 bats
  5 giant cockroaches
  11 goblins
  4 hobgoblins
  15 jackals
  5 kobolds
  3 quokkas (D:3)
  3 frilled lizards
  A jackal skeleton (D:5)
  A jackal zombie (D:5)
  A leopard gecko zombie (D:6)
  A quokka skeleton (D:3)
  11 rats
178 creatures vanquished.

Vanquished Creatures (collateral kills)
  Duvessa (D:7)
  A phantom (D:5)
  A sky beast (D:7)
  An ogre (D:5)
  2 centaurs (D:7)
  A big kobold (Sewer)
  Dowan (D:7)
  A bullfrog zombie (D:7)
  A hound (D:4)
  An orc wizard (D:4)
  2 worker ants
  A hound skeleton (D:4)
  A shadow imp (D:8)
  A white imp (D:7)
  An ooze (D:4)
  An adder skeleton (D:7)
  An adder zombie (D:7)
  A dart slug (D:4)
  A leopard gecko (D:7)
  4 orcs
  2 goblins (D:9)
  3 jackals
  A quokka (D:4)
  3 kobolds (Sewer)
34 creatures vanquished.

Vanquished Creatures (others)
  A quasit (D:3)
1 creature vanquished.

Grand Total: 213 creatures vanquished

Notes
Turn   | Place    | Note
-------+----------+-------------------------------------------
     0 | D:1      | inc the Felid Chaos Knight began the quest for the Orb.
     0 | D:1      | Reached XP level 1. HP: 10/10 MP: 2/2
    56 | D:1      | XOM: divination: detect creatures
   299 | D:1      | XOM is BORED!
   299 | D:1      | XOM: silly message
   384 | D:1      | Reached XP level 2. HP: 13/14 MP: 3/3
   694 | D:1      | XOM: noise
   703 | D:1      | XOM: divination: detect creatures
   715 | D:1      | Reached XP level 3. HP: 11/17 MP: 4/4
  1198 | D:2      | XOM: butterfly on damage
  1279 | D:2      | XOM: scenery: summon butterflies
  1548 | D:2      | XOM: 2-stop teleportation journey
  1684 | D:2      | Found a transporter.
  1684 | D:2      | Found a basalt altar of Yredelemnul.
  1686 | D:2      | Found a shimmering blue altar of Sif Muna.
  1707 | D:2      | Found a transporter.
  1735 | D:2      | Reached XP level 4. HP: 17/21 MP: 5/5
  1802 | D:2      | XOM is BORED!
  1802 | D:2      | XOM: summons 3 hostile shadow creatures
  1971 | D:2      | XOM: cloud trail
  2180 | D:3      | XOM: scenery: 2 doors open
  2335 | D:3      | XOM: 3-stop teleportation journey
  2452 | D:3      | Found a glowing drain.
  2462 | D:3      | Reached skill level 5 in Dodging
  2467 | Sewer    | Entered a sewer
  2473 | Sewer    | XOM: smoke on damage
  2679 | Sewer    | Noticed a big kobold
  2680 | Sewer    | XOM: enchant monster (good)
  2690 | Sewer    | Killed a big kobold
  2691 | Sewer    | Reached XP level 5. HP: 20/24 MP: 6/6
  2709 | Sewer    | Found a white marble altar of Elyvilon.
  2943 | D:3      | Found a shimmering altar of Xom.
  3065 | D:3      | XOM: 3-stop teleportation journey
  3111 | D:3      | XOM: divine lightning
  3386 | D:3      | Found a radiant altar of Vehumet.
  3531 | D:3      | Killed from afar by an orc wizard
  3532 | D:3      | Reached XP level 4. HP: -3/21 MP: 5/5
  3596 | D:3      | Reached skill level 1 in Summonings
  3601 | D:3      | XOM: butterfly on damage
  3649 | D:3      | Reached XP level 5. HP: 6/24 MP: 6/6
  3652 | D:3      | Reached skill level 2 in Summonings
  3732 | D:3      | XOM: god gift: scroll labelled ZIAFUU JOURO {god gift}
  4029 | D:3      | XOM: divination: magic mapping
  4413 | D:3      | XOM: give mutations
  4413 | D:3      | Gained mutation: You possess an exceptional clarity of
                  | mind. [Xom's grace]
  4413 | D:3      | Gained mutation: You are partially covered in thin metallic
                  | scales. (AC +2) [Xom's grace]
  4413 | D:3      | Gained mutation: Your muscles are strong. (Str +2) [Xom's
                  | grace]
  4419 | D:3      | Learned a level 2 spell: Call Imp
  4505 | D:4      | XOM: summons friendly quasit
  4564 | D:4      | XOM: 2-stop teleportation journey
  4566 | D:4      | XOM: draining
  4573 | D:4      | Reached skill level 3 in Summonings
  4704 | D:4      | XOM: polymorph shadow imp -> white imp
  4705 | D:4      | Gained mutation: You are covered in thick fur. (AC +2)
                  | [Felid growth]
  4705 | D:4      | Reached XP level 6. HP: 16/28 MP: 4/7
  4716 | D:4      | Found a staircase to the Ecumenical Temple.
  4725 | D:4      | Reached skill level 4 in Summonings
  4958 | D:4      | XOM: give mutations
  4958 | D:4      | Gained mutation: Your body sometimes deteriorates upon
                  | taking damage. [Xom's mischief]
  4958 | D:4      | Lost mutation: Your muscles are strong. (Str +2) [Xom's
                  | mischief]
  4958 | D:4      | Lost mutation: You possess an exceptional clarity of mind.
                  | [Xom's mischief]
  4958 | D:4      | Gained mutation: You occasionally shout uncontrollably at
                  | your foes. [Xom's mischief]
  4984 | D:4      | XOM: chaos upgrade
  4992 | D:4      | XOM: enchant monster (bad)
  5010 | D:4      | XOM: give mutation
  5010 | D:4      | Gained mutation: Your system is resistant to poisons.
                  | (rPois) [Xom's mischief]
  5131 | D:4      | XOM: noise
  5409 | D:5      | Entered Level 5 of the Dungeon
  5414 | D:5      | XOM: 1-stop teleportation journey
  5423 | D:5      | Found Okir's Antique Armour Shoppe.
  5462 | D:5      | XOM: 5-stop teleportation journey
  5491 | D:5      | XOM: noise
  5535 | D:5      | XOM: give mutations
  5535 | D:5      | Gained mutation: Your spells are a little easier to cast,
                  | but a little less powerful. [Xom's mischief]
  5535 | D:5      | Lost mutation: Your spells are a little easier to cast, but
                  | a little less powerful. [Xom's mischief]
  5570 | D:5      | XOM: silly message
  5839 | D:5      | XOM: cast spell 'Summon Hydra'
  5844 | D:5      | Reached skill level 5 in Summonings
  5852 | D:5      | Reached XP level 7. HP: 31/31 MP: 8/8
  5926 | D:5      | Found a blossoming altar of Fedhas.
  6003 | D:5      | Found a runed translucent gate.
  6003 | D:5      | Found a runed translucent gate.
  6006 | D:5      | Found a runed translucent gate.
  6006 | D:5      | Noticed inc's ghost (amateur FeEn)
  6007 | D:5      | Noticed StoneSoupSpirit's ghost (amateur DsCK)
  6007 | D:5      | Noticed StoneSoupSpirit's ghost (amateur DsCK)
  6007 | D:5      | Noticed Amaterasu's ghost (novice OgFi)
  6288 | D:5      | XOM: give mutations
  6288 | D:5      | Gained mutation: You possess an exceptional clarity of
                  | mind. [Xom's grace]
  6288 | D:5      | Gained mutation: You have a pair of small horns on your
                  | head. [Xom's grace]
  6288 | D:5      | Gained mutation: You have a pair of horns on your head.
                  | [Xom's grace]
  6288 | D:5      | Gained mutation: Your flesh is cold resistant. (rC+) [Xom's
                  | grace]
  6431 | D:5      | XOM: god gift: 53 gold pieces
  6466 | D:5      | XOM: enchant monster (bad)
  6473 | D:5      | Reached skill level 6 in Summonings
  6577 | D:5      | XOM: scenery: summon butterflies
  6923 | D:6      | XOM: stat loss: -1 Int (12/13)
  7007 | D:6      | Reached skill level 7 in Summonings
  7018 | D:6      | XOM: polymorph adder -> frilled lizard
  7033 | D:5      | XOM: butterfly on damage
  7427 | D:6      | XOM: enchant monster (bad)
  7512 | D:6      | Noticed Sigmund
  7550 | D:6      | XOM: swap monsters
  7580 | D:6      | Killed Sigmund
  7581 | D:6      | Reached skill level 8 in Summonings
  7581 | D:6      | Reached XP level 8. HP: 34/34 MP: 1/9
  8081 | D:7      | XOM: swap monsters
  8301 | D:7      | XOM: god gift: runed war axe {god gift}
  8331 | D:7      | Reached skill level 9 in Summonings
  8370 | D:7      | XOM: enchant monster (good)
  8567 | D:7      | Noticed Dowan
  8573 | D:7      | Killed Dowan
  8575 | D:7      | XOM: 4-stop teleportation journey
  8584 | D:7      | Killed Duvessa
  8585 | D:7      | Reached skill level 10 in Summonings
  8859 | D:7      | Learned a level 3 spell: Call Canine Familiar
  8876 | D:7      | XOM: enchant monster (good)
  8880 | D:7      | XOM: butterfly on damage
  8886 | D:7      | Reached XP level 9. HP: 28/37 MP: 2/10
  8890 | D:7      | XOM: butterfly on damage
  8905 | D:7      | XOM: god gift: runed leather armour {god gift}
  8952 | D:7      | XOM: polymorph orc warrior -> sky beast
  8959 | D:7      | XOM: fake destruction
  8968 | D:7      | Reached skill level 5 in Unarmed Combat
  9099 | D:7      | Found a glowing golden altar of the Shining One.
  9245 | D:7      | XOM: scenery: 1 doors open
  9325 | D:8      | XOM: scenery: summon butterflies
  9441 | D:8      | Noticed an unseen horror
  9452 | D:8      | XOM: potion effect (curing)
  9459 | D:8      | XOM: butterfly on damage
  9487 | D:8      | XOM: cleaving
  9500 | D:8      | XOM: polymorph hound -> jelly
  9512 | D:8      | XOM: confuse monster(s)
  9514 | D:8      | Found a shadowy altar of Dithmenos.
  9514 | D:8      | XOM: 1-stop teleportation journey
  9528 | D:8      | XOM: butterfly on damage
  9538 | D:8      | Killed from afar by an orc wizard
  9539 | D:8      | Reached XP level 8. HP: -3/34 MP: 8/9
  9539 | D:8      | Found a hide-covered altar of Uskayaw.
  9611 | D:8      | XOM: cast spell 'Summon Ice Beast'
  9617 | D:8      | XOM: enchant monster (bad)
  9744 | D:8      | XOM: smoke on damage
  9867 | D:8      | HP: 1/34 [unseen horror (4)]
  9868 | D:8      | XOM: potion effect (might)
  9869 | D:8      | XOM: scenery: create altars
  9872 | D:8      | XOM: divination: detect creatures
 10315 | D:9      | XOM: divination: detect items
 10370 | D:9      | Slain by an orc warrior

Illustrated notes

Levels and vault maps discovered:
D:1:      dpeg_arrival_rooms_b, layout_loops_ring
D:2:      layout_loops_ring, gammafunk_temple_overflow_arena
D:3:      minmay_razor_zed, layout_basic, lemuel_round_altar,
          nicolae_overflow_hidden_temple, cheibrodos_sewer_entry_sluice,
          nicolae_underground_beach
D:4:      layout_loops_ring, minmay_temple_entry_mini_moons
D:5:      layout_basic, fedhas_ov_isle_minmay, serial_shops, shop,
          gammafunk_ghost_cemetery, lemuel_another_geyser
D:6:      layout_rooms, uniq_sigmund
D:7:      layout_basic, marbit_many_paths, uniq_duvessa
D:8:      wander_guarded_unrand_ratskin, layout_rooms,
          nzn_hepliaklqana_mist_gate, old_standard_altar,
          eat_drink_and_be_merry_uskayaw, minmay_crystal_room, zaba_anthole
D:9:      minmay_thinvault, layout_basic, minitemple,
          gammafunk_temple_overflow_elements, minmay_lair_entry_grove,
          enter_bailey_3

Skill      XL: |  1  2  3  4  5  6  7  8  9 |
---------------+----------------------------+-----
Dodging        | 4 5 6 |  6.3
Unarmed Combat | 4 5 |  5.0
Summonings     | 1 3 5 8 10 | 10.4
Evocations     | 4 2 |  4.2
Fighting       | |  3.0

Action                   |  1- 3 |  4- 6 |  7- 9 || total
-------------------------+-------+-------+-------++-------
Melee: Unarmed           |   153 |   318 |   395 ||   866
       Bite              |     7 |    22 |    41 ||    70
       Punch             |     3 |     6 |     6 ||    15
       Headbutt          |       |       |    74 ||    74
 Cast: Call Imp          |       |     3 |    10 ||    13
       Call Canine Famil |       |       |    13 ||    13
Evoke: Wand              |       |       |     3 ||     3
  Use: Potion            |       |     1 |     3 ||     4
       Scroll            |       |    10 |       ||    10
 Stab: Sleeping          |     3 |     5 |     4 ||    12
       Distracted        |     1 |       |     1 ||     2
Armor: Skin              |    14 |    16 |    22 ||    52
Dodge: Dodged            |   151 |   294 |   421 ||   866
